 Dungeon Crawl Stone Soup version 0.23-a0-150-g7664ed78f7 (webtiles) character file.

603 Holzbalken the Cudgeler (level 7, -1/51 HPs)
             Began as a Demonspawn Gladiator on Sept 7, 2018.
             Slain by a gnoll
             ... wielding a +0 spear
              (4 damage)
             ... on level 5 of the Dungeon.
             The game lasted 00:13:30 (4404 turns).

Holzbalken the Cudgeler (Demonspawn Gladiator)      Turns: 4404, Time: 00:13:31

Health: -1/51      AC:  9    Str: 15    XL:     7   Next: 18%
Magic:  7/7        EV:  6    Int:  9    God:
Gold:   270        SH:  0    Dex: 16    Spells: 6/6 levels left

rFire    . . .     SeeInvis .   a - +0 flail
rCold    . . .     Gourm    .   (no shield)
rNeg     . . .     Faith    +   e - +0 ring mail
rPois    .         Spirit   .   (helmet restricted)
rElec    .         Reflect  .   (no cloak)
rCorr    .         Harm     .   y - +0 pair of gloves (curse)
MR       .....                  s - +0 pair of boots
Stlth    +.........             t - amulet of faith
HPRegen  0.17/turn              (no ring)
MPRegen  0.10/turn              (no ring)

@: held
A: horns 2, yellow scales 1
a: no special abilities


You were on level 5 of the Dungeon.
You were not hungry.

You visited 1 branch of the dungeon, and saw 5 of its levels.

You collected 270 gold pieces.

Inventory:

Hand Weapons
 a - a +0 flail (weapon)
 h - a -2 hand axe
Missiles
 d - 3 throwing nets (quivered)
Armour
 b - a +0 leather armour
 c - a +0 helmet
 e - a +0 ring mail (worn)
 s - a +0 pair of boots (worn)
 y - a cursed +0 pair of gloves (worn)
Jewellery
 t - an amulet of faith (around neck)
 w - an uncursed amulet of rage
Wands
 i - a wand of disintegration (6)
Scrolls
 g - 2 scrolls of remove curse
 j - 6 scrolls of identify
 q - 2 scrolls of enchant armour {unknown}
 r - 3 scrolls of teleportation {unknown}
 u - a scroll of random uselessness {unknown}
 v - a scroll of magic mapping {unknown}
 z - a scroll of enchant weapon {unknown}
Potions
 k - a potion of agility {unknown}
 l - 3 potions of degeneration
 n - 2 potions of curing
 o - 2 potions of haste {unknown}
 p - 2 potions of mutation
 x - a potion of brilliance {unknown}
 A - a potion of heal wounds {unknown}
Comestibles
 f - 14 rations


   Skills:
 + Level 2.9 Fighting
 + Level 1.2(3.8) Axes
 + Level 5.7(5.8) Maces & Flails
 - Level 1.7 Throwing
 + Level 3.1 Armour
 + Level 3.3 Dodging
 + Level 1.2 Stealth


You had 6 spell levels left.
You didn't know any spells.
Your spell library contained the following spells:

 Spells                   Type           Power        Failure   Level  Hunger
 Confusing Touch          Hex            #.....       61%         1    ##.....
 Confuse                  Hex            #.......     93%         3    ####...
 Gell's Gravitas          Tloc           #.........   93%         3    ####...
 Petrify                  Tmut/Erth      #.......     100%        4    #####..
 Metabolic Englaciation   Hex/Ice        #.........   100%        5    ######.
 Yara's Violent Unravell  Hex/Tmut       #.........   100%        5    ######.


Dungeon Overview and Level Annotations

Branches:
Dungeon (5/15)
 Temple: D:4-7

Altars:
Elyvilon
Gozag
Xom


Innate Abilities, Weirdness & Mutations

You have a pair of horns on your head.
You are partially covered in yellow scales. (AC +2)


Message History

You open the door. The hound bites you.
* * * LOW HITPOINT WARNING * * *
The gnoll hits you from afar with a spear.
* * * LOW HITPOINT WARNING * * *
The hound barely misses you. The gnoll closely misses you.
There is an open door here.
The hound barely misses you.
The gnoll hits you from afar with a spear.
* * * LOW HITPOINT WARNING * * *
The howler monkey hoots and howls with incredible vigour!
The gnoll hits you from afar with a spear.
* * * LOW HITPOINT WARNING * * *
The hound bites you but does no damage. The gnoll closely misses you.
The hound bites you but does no damage.
The gnoll throws a throwing net.
The throwing net hits you.
You become entangled in the net!
You see here a throwing net.
You tear a large gash into the net.
The hound closely misses you.
The gnoll hits you from afar with a spear.
You die...

..........# ...................
########### ........รท.[.##.....
## ..................# .#
################))####.##.# .#
#...............<...).....# .#
#..........##..............
.######..........................
.o...............##..............
.........##o..gh@................
.go......'.......##...))#..#....#
.........#........+...).##.#....#
.###.######g......#.....##...#...
.# #.g...o'h.................#.##
.# ########.......#########..#.#
## #.......# ##>..# #######.#
##### #.#


You could see a howler monkey, a hound, 2 gnolls and 2 orcs.

Vanquished Creatures
  A scorpion (D:4)
  2 howler monkeys
  2 hounds (D:4)
  A gnoll shaman (D:5)
  4 orc wizards
  A centaur skeleton (D:4)
  10 gnolls
  4 adders
  An ooze (D:1)
  An adder skeleton (D:4)
  5 worms
  4 leopard geckos
  6 orcs
  A ball python (D:5)
  2 giant cockroaches (D:3)
  8 goblins
  15 hobgoblins
  6 jackals (D:4)
  2 quokkas
  A ball python skeleton (D:4)
  6 bats
  2 frilled lizards (D:2)
  9 kobolds
  9 rats
103 creatures vanquished.

Notes
Turn   | Place    | Note
-------+----------+-------------------------------------------
     0 | D:1      | Holzbalken the Demonspawn Gladiator began the quest for the
                  | Orb.
     0 | D:1      | Reached XP level 1. HP: 16/16 MP: 1/1
   241 | D:1      | Reached skill level 3 in Maces & Flails
   241 | D:1      | Gained mutation: You have a pair of small horns on your
                  | head. [demonic ancestry]
   241 | D:1      | Reached XP level 2. HP: 19/22 MP: 2/2
   997 | D:2      | Gained mutation: You have a pair of horns on your head.
                  | [demonic ancestry]
   997 | D:2      | Reached XP level 3. HP: 9/27 MP: 3/3
  1381 | D:2      | Found an opulent altar of Gozag.
  1386 | D:2      | Found a shimmering altar of Xom.
  1386 | D:2      | Found a white marble altar of Elyvilon.
  1402 | D:2      | Reached skill level 1 in Axes
  1804 | D:3      | Gained mutation: You are partially covered in yellow
                  | scales. (AC +2) [demonic ancestry]
  1804 | D:3      | Reached XP level 4. HP: 33/33 MP: 4/4
  2724 | D:4      | Reached skill level 4 in Maces & Flails
  2724 | D:4      | Reached skill level 1 in Armour
  2769 | D:4      | Reached XP level 5. HP: 31/39 MP: 5/5
  2908 | D:4      | Reached skill level 1 in Stealth
  3081 | D:4      | Reached XP level 6. HP: 44/46 MP: 6/6
  3568 | D:4      | Reached skill level 5 in Maces & Flails
  3881 | D:5      | Entered Level 5 of the Dungeon
  4043 | D:5      | Reached XP level 7. HP: 24/51 MP: 7/7
  4378 | D:5      | HP: 2/51 [gnoll/spear (6)]
  4404 | D:5      | Slain by a gnoll

Vault maps used:
D:1:      onia_arrival_pyramid
D:2:      grunt_temple_overflow_open
D:3:      first_ration
D:5:      corexii_shantytown, uniq_prince_ribbit1

Skill      XL: |  1  2  3  4  5  6 |
---------------+-------------------+-----
Maces & Flails | 3 4 5 |  5.7
Axes           | 1 |  1.2
Dodging        | 3 |  3.3
Armour         | 1 2 3 |  3.1
Stealth        | 1 |  1.2
Fighting       | |  2.9
Throwing       | |  1.7

Action                   |  1- 3 |  4- 6 |  7- 9 || total
-------------------------+-------+-------+-------++-------
Melee: Flail             |    76 |   175 |    42 ||   293
       Hand axe          |    36 |       |       ||    36
       Headbutt          |    15 |    41 |    12 ||    68
  Use: Scroll            |     7 |       |       ||     7
       Potion            |       |       |     1 ||     1
  Eat: Chunk             |     3 |     6 |     2 ||    11
Armor: Leather armour    |     6 |       |       ||     6
       Ring mail         |    55 |    78 |    39 ||   172
Dodge: Dodged            |    85 |   123 |    69 ||   277

Table legend:
 A = Non-vault XP
 B = Vault XP
 C = Vault XP percentage of total XP
 D = Non-vault monster count
 E = Vault monster count
 F = Vault count percentage of total count
                 A         B        C        D         E       F
            +---------+---------+-------+---------+---------+-------
      Total |     789 |      73 |   8.5 |      84 |      19 |  18.4
            +---------+---------+-------+---------+---------+-------
        D:1 |      26 |       0 |   0.0 |      13 |       0 |   0.0
        D:2 |      67 |       0 |   0.0 |      20 |       0 |   0.0
        D:3 |      41 |       0 |   0.0 |      14 |       0 |   0.0
        D:4 |     425 |       0 |   0.0 |      26 |       0 |   0.0
        D:5 |     230 |      73 |  24.1 |      11 |      19 |  63.3
            +---------+---------+-------+---------+---------+-------
